NYP
AUBURN DOUBLEDAYS @ CINCINNATI (NYP) REDS
08/28/2048
 
TOP OF THE 1ST
Auburn Doubledays batting - Pitching for Cincinnati (NYP) Reds : LHP Andres Lobato
Pitching: LHP Andres Lobato
Batting: RHB Xavier Reeves 0-0: Foul Ball, location: 2F
0-1: Swinging Strike
0-2: Ball
1-2: Ball
2-2: Strikes out looking
Batting: LHB Chance McWilliams 0-0: Called Strike
0-1: Foul Ball, location: 2F
0-2: Foul Ball, location: 2F
0-2: Ball
1-2: Strikes out swinging
Batting: RHB Nick Moreno 0-0: Ground out 6-3 (Groundball, 6, EV 101.9 MPH)
Top of the 1st over - 0 runs, 0 hits, 0 errors, 0 left on base; Auburn 0 - Cincinnati (NYP) 0
BOTTOM OF THE 1ST
Cincinnati (NYP) Reds batting - Pitching for Auburn Doubledays : LHP Ed Thorpe Jr.
Pitching: LHP Ed Thorpe Jr.
Batting: RHB Jon Marquez 0-0: Ball
1-0: Foul Ball, location: 2F
1-1: Ball
2-1: Fly out, F7 (Flyball, 7D, EV 103.1 MPH)
Batting: SHB Kristian Kristensen 0-0: Called Strike
0-1: Swinging Strike
0-2: Strikes out looking
Batting: RHB Randy Grewe 0-0: Called Strike
0-1: Foul Ball, location: 2F
0-2: Foul Ball, location: 2F
0-2: Fly out, F8 (Flyball, 8RD, EV 108.1 MPH)
Bottom of the 1st over - 0 runs, 0 hits, 0 errors, 0 left on base; Auburn 0 - Cincinnati (NYP) 0
TOP OF THE 2ND
Auburn Doubledays batting - Pitching for Cincinnati (NYP) Reds : LHP Andres Lobato
Batting: RHB Antonio Vallez 0-0: Foul Ball, location: 2F
0-1: Swinging Strike
0-2: Ball
1-2: Strikes out swinging
Batting: RHB Er Le 0-0: Foul Ball, location: 2F
0-1: Called Strike
0-2: Strikes out swinging
Batting: RHB Taffounnout Kame 0-0: Ball
1-0: TRIPLE (Flyball, 89XD, EV 87.5 MPH)
Batting: SHB Alex Medina 0-0: Ball
1-0: Ground out 6-3 (Groundball, 6, EV 104.4 MPH)
Top of the 2nd over - 0 runs, 1 hit, 0 errors, 1 left on base; Auburn 0 - Cincinnati (NYP) 0
BOTTOM OF THE 2ND
Cincinnati (NYP) Reds batting - Pitching for Auburn Doubledays : LHP Ed Thorpe Jr.
Batting: RHB David Clough 0-0: Called Strike
0-1: Swinging Strike
0-2: Ball
1-2: Fly out, F8 (Flyball, 8LD, EV 96.2 MPH)
Batting: LHB Brian Dickeson 0-0: Foul Ball, location: 2F
0-1: Ball
1-1: Foul Ball, location: 2F
1-2: Strikes out swinging, 2-3 out at first.
Batting: SHB Jaivata Mohanty 0-0: Fly out, F3 (Popup, 3S, EV 71.2 MPH)
Bottom of the 2nd over - 0 runs, 0 hits, 0 errors, 0 left on base; Auburn 0 - Cincinnati (NYP) 0
TOP OF THE 3RD
Auburn Doubledays batting - Pitching for Cincinnati (NYP) Reds : LHP Andres Lobato
Batting: LHB Bobby Adams 0-0: SINGLE (Groundball, 6D, EV 94.4 MPH)
Batting: SHB Ed Thorpe Jr. 0-0: Ball
1-0: Ball
Bobby Adams steals 2nd base
2-0: Ball
3-0: Called Strike
3-1: Foul Ball, location: 2F
3-2: Strikes out swinging
Batting: RHB Xavier Reeves 0-0: SINGLE (Groundball, 6M, EV 100.0 MPH)
Bobby Adams to third
Throwing error, E8
Bobby Adams scores
Xavier Reeves to second
Batting: LHB Chance McWilliams 0-0: Ball
1-0: Ground out 6-3 (Groundball, 4M, EV 88.1 MPH)
Xavier Reeves to third
Batting: RHB Nick Moreno 0-0: Called Strike
0-1: Ball
1-1: 2-RUN HOME RUN (Flyball, 9LD, EV 94.4 MPH), Distance : 350 ft
Batting: RHB Antonio Vallez 0-0: Ball
1-0: Ball
2-0: Ball
3-0: Foul Ball, location: 2F
3-1: Base on Balls
Batting: RHB Er Le 0-0: Foul Ball, location: 2F
0-1: Ball
Pickoff Throw to First - Out! 1-3 CS
Top of the 3rd over - 3 runs, 3 hits, 1 error, 0 left on base; Auburn 3 - Cincinnati (NYP) 0
BOTTOM OF THE 3RD
Cincinnati (NYP) Reds batting - Pitching for Auburn Doubledays : LHP Ed Thorpe Jr.
Batting: RHB Alex de Leon 0-0: Ball
1-0: Swinging Strike
1-1: Ball
2-1: SINGLE (Line Drive, 89S, EV 100.0 MPH)
Batting: SHB Cesar Pelayo 0-0: Ball
1-0: Called Strike
1-1: Called Strike
1-2: Fly out, F8 (Flyball, 8RD, EV 90.6 MPH)
Batting: RHB R.J. Romberg 0-0: Called Strike
0-1: Ball
Wild Pitch!
Alex de Leon to second
1-1: Called Strike
1-2: Strikes out looking
Batting: RHB Jon Marquez 0-0: Ball
1-0: Ball
2-0: Called Strike
2-1: Swinging Strike
2-2: Foul Ball, location: 2F
2-2: Foul Ball, location: 2F
2-2: Foul Ball, location: 2F
2-2: Strikes out swinging
Bottom of the 3rd over - 0 runs, 1 hit, 0 errors, 1 left on base; Auburn 3 - Cincinnati (NYP) 0
TOP OF THE 4TH
Auburn Doubledays batting - Pitching for Cincinnati (NYP) Reds : LHP Andres Lobato
Batting: RHB Er Le 0-0: Ball
1-0: Swinging Strike
1-1: Swinging Strike
1-2: Foul Ball, location: 2F
1-2: Foul Ball, location: 2F
1-2: Strikes out swinging
Batting: RHB Taffounnout Kame 0-0: Called Strike
0-1: Called Strike
0-2: Foul Ball, location: 2F
0-2: Ball
1-2: Ball
2-2: DOUBLE (Line Drive, 9LM, EV 98.8 MPH)
Batting: SHB Alex Medina 0-0: Ball
1-0: Ball
2-0: Fly out, F8 (Flyball, 8LD, EV 96.9 MPH)
Batting: LHB Bobby Adams 0-0: Ball
1-0: Foul Ball, location: 2F
1-1: Swinging Strike
1-2: Strikes out swinging
Top of the 4th over - 0 runs, 1 hit, 0 errors, 1 left on base; Auburn 3 - Cincinnati (NYP) 0
BOTTOM OF THE 4TH
Cincinnati (NYP) Reds batting - Pitching for Auburn Doubledays : LHP Ed Thorpe Jr.
Batting: SHB Kristian Kristensen 0-0: Ball
1-0: Called Strike
1-1: Swinging Strike
1-2: Strikes out swinging
Batting: RHB Randy Grewe 0-0: Ball
1-0: Ball
2-0: Ball
3-0: Base on Balls
Batting: RHB David Clough 0-0: Ball
1-0: Ball
2-0: SINGLE (Line Drive, 4D, EV 98.1 MPH)
Randy Grewe to second
Runner from 2nd tries for 3rd, SAFE, throw by RF made to third
Batting: LHB Brian Dickeson 0-0: Ball
1-0: Swinging Strike
1-1: Foul Ball, location: 2F
1-2: Strikes out swinging
Batting: SHB Jaivata Mohanty 0-0: Called Strike
0-1: Called Strike
0-2: DOUBLE (Flyball, 89XD, EV 95.6 MPH)
Randy Grewe scores
David Clough to third
Runner from 3rd tries for Home, SAFE, throw by CF to trailing runner, SAFE at third!
Batting: RHB Alex de Leon 0-0: Called Strike
0-1: Called Strike
0-2: Ball
1-2: Strikes out swinging
Bottom of the 4th over - 2 runs, 2 hits, 0 errors, 1 left on base; Auburn 3 - Cincinnati (NYP) 2
TOP OF THE 5TH
Auburn Doubledays batting - Pitching for Cincinnati (NYP) Reds : LHP Andres Lobato
Batting: SHB Ed Thorpe Jr. 0-0: Ball
1-0: Called Strike
1-1: TRIPLE (Flyball, 78XD, EV 102.5 MPH)
Batting: RHB Xavier Reeves 0-0: Called Strike
0-1: Called Strike
0-2: Ball
Wild Pitch!
Ed Thorpe Jr. scores
1-2: Foul Ball, location: 2F
1-2: Foul Ball, location: 2F
1-2: Ball
2-2: Ground out 5-3 (Groundball, 56, EV 93.8 MPH)
Batting: LHB Chance McWilliams 0-0: Ball
1-0: Ball
2-0: Ball
3-0: Called Strike
3-1: Base on Balls
Batting: RHB Nick Moreno 0-0: Fly out, F8 (Line Drive, 8LM, EV 92.5 MPH)
Batting: RHB Antonio Vallez 0-0: Ball
Chance McWilliams is caught stealing 2nd base 2-4
Top of the 5th over - 1 run, 1 hit, 0 errors, 0 left on base; Auburn 4 - Cincinnati (NYP) 2
BOTTOM OF THE 5TH
Cincinnati (NYP) Reds batting - Pitching for Auburn Doubledays : LHP Ed Thorpe Jr.
Batting: SHB Cesar Pelayo 0-0: Foul Ball, location: 2F
0-1: Ball
1-1: Ball
2-1: Foul Ball, location: 2F
2-2: SINGLE (Line Drive, 3D, EV 98.1 MPH)
Batting: RHB R.J. Romberg 0-0: Called Strike
0-1: Called Strike
0-2: Ball
1-2: Foul Ball, location: 2F
1-2: Ball
2-2: Strikes out swinging
Batting: RHB Jon Marquez 0-0: Fielders Choice at 2nd, 3-6 (Groundball, 34, EV 96.2 MPH)
Batting: SHB Kristian Kristensen 0-0: Called Strike
0-1: Foul Ball, location: 2F
0-2: Strikes out swinging
Bottom of the 5th over - 0 runs, 1 hit, 0 errors, 1 left on base; Auburn 4 - Cincinnati (NYP) 2
TOP OF THE 6TH
Auburn Doubledays batting - Pitching for Cincinnati (NYP) Reds : LHP Andres Lobato
Batting: RHB Antonio Vallez 0-0: Foul Ball, location: 2F
0-1: Ball
1-1: Ground out U3 (Groundball, 3, EV 81.9 MPH)
Batting: RHB Er Le 0-0: Ball
1-0: Called Strike
1-1: Called Strike
1-2: Strikes out swinging
Batting: RHB Taffounnout Kame 0-0: Called Strike
0-1: Ground out 6-3 (Groundball, 6, EV 91.9 MPH)
Top of the 6th over - 0 runs, 0 hits, 0 errors, 0 left on base; Auburn 4 - Cincinnati (NYP) 2
BOTTOM OF THE 6TH
Cincinnati (NYP) Reds batting - Pitching for Auburn Doubledays : LHP Ed Thorpe Jr.
Pitching: LHP Gregg Huddleston
Batting: RHB Randy Grewe 0-0: Ball
1-0: Ball
2-0: Swinging Strike
2-1: Called Strike
2-2: Strikes out swinging
Batting: RHB David Clough 0-0: Ball
1-0: Called Strike
1-1: Ball
2-1: Ball
3-1: Swinging Strike
3-2: Strikes out looking
Batting: LHB Brian Dickeson 0-0: Foul Ball, location: 2F
0-1: DOUBLE (Line Drive, 7LS, EV 107.5 MPH)
Batting: SHB Jaivata Mohanty 0-0: Ball
1-0: Ball
2-0: Foul Ball, location: 2F
2-1: Foul Ball, location: 2F
2-2: Ball
3-2: Foul Ball, location: 2F
3-2: Fly out, F3 (Popup, 3SF, EV 82.5 MPH)
Bottom of the 6th over - 0 runs, 1 hit, 0 errors, 1 left on base; Auburn 4 - Cincinnati (NYP) 2
TOP OF THE 7TH
Auburn Doubledays batting - Pitching for Cincinnati (NYP) Reds : LHP Andres Lobato
Pitching: RHP Gabe Kelso
Batting: SHB Alex Medina 0-0: Ball
1-0: Ball
2-0: Ground out 1-3 (Groundball, 13S, EV 68.1 MPH)
Batting: LHB Bobby Adams 0-0: Foul Ball, location: 2F
0-1: Ball
1-1: Ball
2-1: Swinging Strike
2-2: Ball
3-2: Foul Ball, location: 2F
3-2: Base on Balls
Batting: SHB Ed Thorpe Jr. 0-0: Foul Ball, location: 2F
0-1: Swinging Strike
0-2: Foul Ball, location: 2F
0-2: Ball
1-2: Ball
2-2: Ball
3-2: Strikes out swinging
Batting: RHB Xavier Reeves 0-0: Ball
1-0: Foul Ball, location: 2F
1-1: Foul Ball, location: 2F
1-2: Foul Ball, location: 2F
1-2: Ball
2-2: DOUBLE (Line Drive, 89D, EV 105.0 MPH)
Bobby Adams to third
Runner from 3rd tries for Home, SAFE, throw by RF to home
Batting: LHB Chance McWilliams 0-0: Called Strike
0-1: Foul Ball, location: 2F
0-2: Ball
1-2: Fly out, F7 (Flyball, 7, EV 80.0 MPH)
Top of the 7th over - 1 run, 1 hit, 0 errors, 1 left on base; Auburn 5 - Cincinnati (NYP) 2
BOTTOM OF THE 7TH
Cincinnati (NYP) Reds batting - Pitching for Auburn Doubledays : LHP Gregg Huddleston
Batting: RHB Alex de Leon 0-0: Ball
1-0: Swinging Strike
1-1: Called Strike
1-2: Strikes out swinging
Batting: SHB Cesar Pelayo 0-0: Foul Ball, location: 2F
0-1: SINGLE (Groundball, 56D, EV 96.9 MPH)
Batting: RHB R.J. Romberg 0-0: Ball
1-0: Swinging Strike
1-1: Swinging Strike
1-2: Grounds into double play, 4-6-3 (Groundball, 4, EV 86.2 MPH)
Bottom of the 7th over - 0 runs, 1 hit, 0 errors, 0 left on base; Auburn 5 - Cincinnati (NYP) 2
TOP OF THE 8TH
Auburn Doubledays batting - Pitching for Cincinnati (NYP) Reds : RHP Gabe Kelso
Batting: RHB Nick Moreno 0-0: Fly out, F9 (Flyball, 9LM, EV 88.1 MPH)
Batting: RHB Antonio Vallez 0-0: Foul Ball, location: 2F
0-1: Ball
1-1: Foul Ball, location: 2F
1-2: Strikes out swinging, 2-3 out at first.
Batting: RHB Er Le 0-0: Foul Ball, location: 2F
0-1: Foul Ball, location: 2F
0-2: Ball
1-2: DOUBLE (Line Drive, 9LS, EV 92.5 MPH)
Pitching: RHP Lee Durbin
Batting: RHB Taffounnout Kame 0-0: Foul Ball, location: 2F
0-1: Ball
1-1: Foul Ball, location: 2F
1-2: Ground out U3 (Groundball, 34S, EV 90.0 MPH)
Top of the 8th over - 0 runs, 1 hit, 0 errors, 1 left on base; Auburn 5 - Cincinnati (NYP) 2
BOTTOM OF THE 8TH
Cincinnati (NYP) Reds batting - Pitching for Auburn Doubledays : LHP Gregg Huddleston
Batting: RHB Jon Marquez 0-0: Fly out, F8 (Flyball, 89S, EV 96.2 MPH)
Batting: SHB Kristian Kristensen 0-0: Ball
1-0: Foul Ball, location: 2F
1-1: Ball
2-1: Ground out U3 (Groundball, 3S, EV 88.8 MPH)
Batting: RHB Randy Grewe 0-0: Foul Ball, location: 2F
0-1: Ball
1-1: Ball
2-1: Fly out, F7 (Flyball, 7D, EV 85.6 MPH)
Bottom of the 8th over - 0 runs, 0 hits, 0 errors, 0 left on base; Auburn 5 - Cincinnati (NYP) 2
TOP OF THE 9TH
Auburn Doubledays batting - Pitching for Cincinnati (NYP) Reds : RHP Lee Durbin
Batting: SHB Alex Medina 0-0: Foul Ball, location: 2F
0-1: Swinging Strike
0-2: Ball
1-2: Foul Ball, location: 2F
1-2: Strikes out looking
Batting: LHB Bobby Adams 0-0: Called Strike
0-1: Ball
1-1: Ball
2-1: Ground out 6-3 (Groundball, 6, EV 83.1 MPH)
Batting: SHB Ed Thorpe Jr. 0-0: Foul Ball, location: 2F
0-1: Ball
1-1: Foul Ball, location: 2F
1-2: Foul Ball, location: 2F
1-2: Ball
2-2: Ground out 4-3 (Groundball, 4, EV 89.4 MPH)
Top of the 9th over - 0 runs, 0 hits, 0 errors, 0 left on base; Auburn 5 - Cincinnati (NYP) 2
BOTTOM OF THE 9TH
Cincinnati (NYP) Reds batting - Pitching for Auburn Doubledays : LHP Gregg Huddleston
Pitching: RHP Oswaldo Vasquez
Batting: RHB David Clough 0-0: Called Strike
0-1: Called Strike
0-2: Foul Ball, location: 2F
0-2: Fly out, F7 (Flyball, 78S, EV 77.5 MPH)
Batting: LHB Brian Dickeson 0-0: Ball
1-0: Called Strike
1-1: Called Strike
1-2: Ball
2-2: Ball
3-2: Ground out 1-3 (Groundball, 13S, EV 63.8 MPH)
Batting: SHB Jaivata Mohanty 0-0: Foul Ball, location: 2F
0-1: Swinging Strike
0-2: Ball
1-2: Ball
2-2: Ball
3-2: Strikes out swinging
Bottom of the 9th over - 0 runs, 0 hits, 0 errors, 0 left on base; Auburn 5 - Cincinnati (NYP) 2
Tuesday, March 28th , 2023 - OOTP Baseball 23.10 Build 110